 Dungeon Crawl Stone Soup version 0.31.0-10-gcf4a605ca0 (webtiles) character file.

Game seed: 12807846310101632965

388800 SnakkuSnakku7 the Warrior (level 23, -11/215 HPs)
             Began as a Ghoul Summoner on Jan 26, 2024.
             Was the Champion of Uskayaw.
             Killed by dispel undead
             ... invoked by a revenant
              (30 damage)
             ... on level 3 of the Tomb of the Ancients.
             The game lasted 01:19:33 (40094 turns).

SnakkuSnakku7 the Warrior (Ghoul Summoner)         Turns: 40094, Time: 01:19:34

Health: -11/215    AC: 53    Str: 24    XL:     23   Next: 62%
Magic:  37/37      EV:  7    Int: 14    God:    Uskayaw [******]
Gold:   4484       SH: 18    Dex: 12    Spells: 25/25 levels left

rFire   + . .        a - +9 demon trident (spect)
rCold   + + .        Z - +0 tower shield
rNeg    + + +        p - +10 gold dragon scales
rPois   ∞            D - +0 helmet {SInv}
rElec   +            I - +2 cloak {Will+}
rCorr   +            j - +2 pair of gloves
SInv    +            m - +1 pair of boots
Will    ++...        V - amulet "Nuxkuvox" {Rampage rElec Regen+ rCorr Str-3} Stlth
                     G - ring of Anypus {AC+4 Dex+3}
HPRegen 0.00/turn    l - ring "Keita" {AC+4 Str+4}
MPRegen 0.25/turn

%: rampage
@: mighty, inhibited regen, slowed, studying Necromancy, very slow
A: claws 1, cold resistance 1, negative energy resistance 3, inhibited
regeneration, torment resistance 2, devour on kill
a: Renounce Religion, Stomp, Line Pass, Grand Finale


You were on level 3 of the Tomb of the Ancients.
You worshipped Uskayaw.
Uskayaw was greatly pleased with you.
You visited 9 branches of the dungeon, and saw 37 of its levels.
You visited the Abyss 1 time.
You also visited: Ossuary, Gauntlet, Volcano and Desolation.

You collected 7002 gold pieces.
You spent 2518 gold pieces at shops.

Inventory:

Hand Weapons
 a - a +9 spectral demon trident (weapon)
Missiles
 q - 5 throwing nets
Armour
 j - a +2 pair of gloves (worn)
 m - a +1 pair of boots (worn)
 p - +10 gold dragon scales (worn)
 D - a +0 helmet of see invisible (worn)
 I - a +2 cloak of willpower (worn)
 Z - a +0 tower shield (worn)
Jewellery
 f - the ring "Bohuta" {rF+ rN+ Int+6}
   (You found it in the Desolation of Salt)

   [ring of intelligence]

   Int+6:     It affects your intelligence (+6).
   rF+:       It protects you from fire.
   rN+:       It protects you from negative energy.
 i - the ring "Epakau" {Fly Int+6}
   (You found it in the Desolation of Salt)

   [ring of flight]

   Int+6:     It affects your intelligence (+6).
   Fly:       It grants you flight.
 k - a ring of see invisible
 l - the ring "Keita" (right hand) {AC+4 Str+4}
   (You found it in the Desolation of Salt)

   [ring of protection]

   AC+4:      It affects your AC (+4).
   Str+4:     It affects your strength (+4).
 w - the amulet of the Four Winds {rN+ Will+++ Clar}
   (You found it on level 1 of the Vaults)

   [amulet of nothing]

   rN+:       It protects you from negative energy.
   Will+++:   It greatly increases your willpower.
   Clar:      It protects you from confusion, rage, mesmerisation and fear.
 y - the ring "Uthi" {Wiz rC++}
   (You found it in a Gauntlet)

   [ring of wizardry]

   Wiz:       It improves your spell success rate.
   rC++:      It greatly protects you from cold.
 B - an amulet of faith
 G - the ring of Anypus (left hand) {AC+4 Dex+3}
   (You acquired it on level 15 of the Dungeon)

   [ring of protection]

   AC+4:      It affects your AC (+4).
   Dex+3:     It affects your dexterity (+3).
 K - a +6 ring of dexterity
 P - a ring of resist corrosion
 Q - a ring of willpower
 V - the amulet "Nuxkuvox" (around neck) {Rampage rElec Regen+ rCorr Str-3}
   (You found it on level 5 of the Lair of Beasts)

   [amulet of regeneration]

   Str-3:     It affects your strength (-3).
   rElec:     It insulates you from electricity.
   Regen+:    It increases your rate of health regeneration.
   rCorr:     It protects you from acid and corrosion.
   Rampage:   It bestows one free step when moving towards enemies.
Wands
 t - a wand of iceblast (46)
 A - a wand of acid (13)
 H - a wand of flame (62)
 L - a wand of mindburst (27)
 O - a wand of polymorph (23)
 U - a wand of paralysis (46)
 Y - a wand of digging (12)
Scrolls
 b - 2 scrolls of revelation
 e - 7 scrolls of vulnerability
 g - 2 scrolls of blinking
 r - a scroll of poison
 v - 8 scrolls of teleportation
 x - 4 scrolls of torment
 z - 9 scrolls of fear
 N - 4 scrolls of silence
 S - 3 scrolls of immolation
 T - a scroll of summoning
Potions
 c - 9 potions of brilliance
 d - a potion of curing
 n - 2 potions of ambrosia
 s - 2 potions of attraction
 u - 2 potions of cancellation
 C - 2 potions of resistance
 E - 3 potions of might
 F - 2 potions of enlightenment
 M - a potion of haste
 R - 3 potions of magic
Miscellaneous
 X - a condenser vane


   Skills:
 - Level 20.0 Fighting
 - Level 14.0 Polearms
 + Level 19.8 Armour
 - Level 8.0 Dodging
 - Level 2.1 Stealth
 - Level 15.0 Shields
 - Level 4.5 Unarmed Combat
 - Level 1.7 Spellcasting
 - Level 3.6 Summonings
 - Level 20.0 Invocations
 - Level 10.0 Evocations


You had 25 spell levels left.
You didn't know any spells.
Your spell library contained the following spells:

 Spells                   Type           Power      Damage    Failure   Level
 Summon Small Mammal      Summ           44%        N/A       93%         1
 Call Imp                 Summ           22%        N/A       98%         2
 Foxfire                  Conj/Fire      4%         2x1d4     100%        1
 Freeze                   Ice            4%         1d3       100%        1
 Kiss of Death            Conj/Necr      4%         2d5       100%        1
 Magic Dart               Conj           4%         1d3       100%        1
 Necrotise                Necr           4%         1d4       100%        1
 Sandblast                Erth           2%         2d4       100%        1
 Blink                    Tloc           2%         N/A       100%        2
 Cigotuvi's Dreadful Rot  Necr/Alch/Air  2%         N/A       100%        2
 Jinxbite                 Hex            2%         N/A       100%        2
 Lesser Beckoning         Tloc           2%         N/A       100%        2
 Mercury Vapours          Alch/Air       2%         N/A       100%        2
 Momentum Strike          Conj/Tloc      2%         3d8       100%        2
 Scorch                   Fire           2%         2d5       100%        2
 Searing Ray              Conj           2%         2d4       100%        2
 Static Discharge         Conj/Air       2%         3-4/arc   100%        2
 Call Canine Familiar     Summ           11%        N/A       100%        3
 Confusing Touch          Hex            1%         N/A       100%        3
 Gell's Gravitas          Tloc           1%         N/A       100%        3
 Hailstorm                Conj/Ice       1%         3d5       100%        3
 Mephitic Cloud           Conj/Alch/Air  1%         N/A       100%        3
 Ozocubu's Armour         Ice            1%         N/A       100%        3
 Passwall                 Erth           1%         N/A       100%        3
 Sigil of Binding         Hex            1%         N/A       100%        3
 Stone Arrow              Conj/Erth      2%         3d7       100%        3
 Summon Ice Beast         Ice/Summ       6%         N/A       100%        3
 Teleport Other           Tloc           1%         N/A       100%        3
 Tukima's Dance           Hex            1%         N/A       100%        3
 Vampiric Draining        Necr           1%         2d6       100%        3
 Airstrike                Air            0%         2d(1-17)  100%        4
 Animate Dead             Necr           1%         N/A       100%        4
 Brom's Barrelling Bould  Conj/Erth      1%         2d3       100%        4
 Dimensional Bullseye     Hex/Tloc       0%         N/A       100%        4
 Dispel Undead            Necr           1%         3d6       100%        4
 Flame Wave               Conj/Fire      1%         2d4       100%        4
 Fulminant Prism          Conj/Alch      0%         3d5       100%        4
 Ignite Poison            Fire/Alch      1%         N/A       100%        4
 Iskenderun's Mystic Bla  Conj/Tloc      1%         2d3       100%        4
 Leda's Liquefaction      Alch/Erth      0%         N/A       100%        4
 Manifold Assault         Tloc           1%         N/A       100%        4
 Olgreb's Toxic Radiance  Alch           1%         N/A       100%        4
 Passage of Golubria      Tloc           1%         N/A       100%        4
 Summon Blazeheart Golem  Fire/Summ      6%         N/A       100%        4
 Summon Lightning Spire   Summ/Air       6%         N/A       100%        4
 Vhi's Electric Charge    Tloc/Air       2%         N/A       100%        4
 Arcjolt                  Conj/Air       0%         1d10      100%        5
 Borgnjor's Vile Clutch   Necr/Erth      0%         N/A       100%        5
 Curse of Agony           Necr           1%         N/A       100%        5
 Fireball                 Conj/Fire      0%         3d3       100%        5
 Freezing Cloud           Conj/Ice/Air   0%         6-21      100%        5
 Irradiate                Conj/Alch      0%         3d11      100%        5
 Lee's Rapid Deconstruct  Erth           0%         3d4*      100%        5
 Metabolic Englaciation   Hex/Ice        0%         N/A       100%        5
 Silence                  Hex/Air        0%         N/A       100%        5
 Summon Mana Viper        Hex/Summ       6%         N/A       100%        5
 Yara's Violent Unravell  Hex/Alch       0%         3d3       100%        5
 Bombard                  Conj/Erth      0%         9d1       100%        6
 Dispersal                Tloc           0%         N/A       100%        6
 Eringya's Noxious Bog    Alch           0%         4d6       100%        6
 Plasma Beam              Fire/Air       0%         2x1d10    100%        6
 Sculpt Simulacrum        Ice/Alch       0%         N/A       100%        6
 Summon Cactus Giant      Summ           5%         N/A       100%        6
 Haunt                    Necr/Summ      3%         N/A       100%        7
 Malign Gateway           Summ/Tloc      3%         N/A       100%        7
 Monstrous Menagerie      Summ           5%         N/A       100%        7
 Orb of Destruction       Conj           0%         9d5       100%        7
 Ozocubu's Refrigeration  Ice            0%         4d7       100%        7
 Discord                  Hex            0%         N/A       100%        8
 Disjunction              Tloc           0%         N/A       100%        8
 Infestation              Necr           0%         N/A       100%        8
 Maxwell's Capacitive Co  Air            0%         ∞         100%        8
 Summon Horrible Things   Summ           5%         N/A       100%        8
 Fire Storm               Conj/Fire      0%         6d1       100%        9


Dungeon Overview and Level Annotations

Branches:
Dungeon (15/15)            Temple (1/1) D:7            Lair (5/5) D:11
 Shoals (0/4) Lair:2        Snake (0/4) Lair:3        Slime (0/5) Lair:5
    Orc (2/2) D:11            Elf (3/3) Orc:2        Vaults (4/5) D:13
  Crypt (3/3) Vaults:2       Tomb (3/3) Crypt:3      Depths (1/4) D:15
Ossuary (visited)         Volcano (visited)         Desolation (visited)
Gauntlet (visited)

Altars:
Ashenzari
Cheibriados
Dithmenos
Fedhas
Gozag
Hepliaklqana
Kikubaaqudgha
Makhleb
Nemelex Xobeh
Okawaru
Qazlal
Ru
Sif Muna
Trog
Uskayaw
Vehumet
Wu Jian
Xom
Yredelemnul
Jiyva

Shops:
D:6 :(*   D:7 [   D:11 *   D:12 *:*   D:14 *   Orc:2 ?!?=   Elf:2 (
Vaults:1 ?   Vaults:4 *

Annotations:
D:13 3 transporters, osinmv's ghost, journeyman TrBe
Elf:2 3 runed translucent doors
Vaults:1 2 transporters, royokou's ghost, veteran MiFi
Crypt:1 Teduw's ghost, veteran MiGl
Tomb:2 Khufu
Depths:1 Norris


Innate Abilities, Weirdness & Mutations

You are immune to poison.
You have sharp fingernails.
Your flesh is cold resistant. (rC+)
You are immune to negative energy. (rN+++)
You do not regenerate when monsters are visible.
You are immune to unholy pain and torment.
You thrive by killing the living.


Message History

You block the death scarab's attack. x2
The death scarab bites you but does no damage.
Unknown command.
You impale the death scarab!!
The death scarab is severely damaged.
Your +9 spectral demon trident hits the death scarab!!
You destroy the death scarab!
The death scarab bites you but does no damage.
The death scarab closely misses you. The death scarab completely misses you.
You block the death scarab's attack. x2
The death scarab bites you but does no damage.
You block the death scarab's attack.
Unknown command.
You puncture the death scarab!
The death scarab is almost destroyed.
Your +9 spectral demon trident hits the death scarab!!
You destroy the death scarab!
You block the death scarab's attack. x3
The death scarab completely misses you. The death scarab closely misses you.
A revenant comes into view.
You block the death scarab's attack.
Unknown command.
You puncture the death scarab!
The death scarab is moderately damaged.
Your +9 spectral demon trident misses the death scarab.
You block the death scarab's attack.
The death scarab bites you but does no damage. x3
Unknown command.
Unknown command.
You hit the revenant.
The revenant is lightly damaged.
Your +9 spectral demon trident hits the revenant from afar!
The death scarab bites you!
* * * LOW HITPOINT WARNING * * *
The death scarab drains your vigour!
You feel as though you will be slow longer.
You block the death scarab's attack.
The revenant points at you and mumbles some strange words.
You convulse!
You die...

############# .
##....^......##
...............
.......†B......
......(@zB.....
#
...#####B......
## #...... ..
...... .B ...##
9. .### M. # §.
M.


You could see a revenant, 3 death scarabs and a friendly +9 spectral demon
trident.

Vanquished Creatures
  A dread lich (Crypt:3)
  An ancient lich (Crypt:1)
  Mara (Vaults:3)
  The ghost of Roocroe the Impregnable, a veteran MiGl of Hepliaklqana (Crypt:1)
  3 royal mummies
  Boris (twice) (Vaults:4 Crypt:1)
  The ghost of Hali the Executioner, a veteran FoFi of Dithmenos (Crypt:1)
  Jory (Vaults:4)
  Zenata (Elf:1)
  7 liches
  2 deep elf blademasters (Elf:3)
  A titan (Vaults:4)
  8 sphinxes
  Gastronok (D:12)
  2 deep elf master archers (Elf:3)
  4 ancient champions
  Agnes (D:15)
  3 revenants
  A fire giant (Vaults:1)
  An imperial myrmidon (Desolation)
  16 vault wardens
  2 frost giants
  2 curse skulls
  6 deep elf sorcerers (Elf:3)
  Louise (D:14)
  2 deep elf elementalists (Elf:3)
  3 formless jellyfish
  4 ghouls
  4 orc warlords
  20 ironbound preservers
  A very ugly thing (Vaults:4)
  4 vampire knights
  3 deep elf demonologists (Elf:3)
  Nessos (D:12)
  9 ironbound thunderhulks
  8 deep elf death magi
  4 deep elf annihilators (Elf:3)
  The ghost of Dootley the Carver, a journeyman FoFi of Dithmenos (Orc:1)
  4 bennus (Tomb:1)
  3 halazid warlocks (Desolation)
  A minotaur (Gauntlet)
  2 spark wasps (Depths:1)
  23 dire elephants
  6 war gargoyles
  A red draconian (Volcano)
  3 eidola
  2 ettins
  2 jiangshi (Crypt:2)
  A quicksilver dragon zombie (D:15)
  9 ragged hierophants (Desolation)
  15 mummy priests
  An entropy weaver (shapeshifter) (Elf:1)
  Josephine (Orc:2)
  2 entropy weavers
  3 crystal guardians
  9 yaktaur captains
  2 deep elf high priests (Elf:3)
  13 servants of whispers (Desolation)
  12 peacekeepers
  13 vault guards
  2 spriggan zombies
  11 great orbs of eyes
  2 catoblepae
  7 hydras
  Erica (Lair:2)
  2 ghost crabs (Crypt:3)
  A juggernaut simulacrum (Crypt:1)
  2 two-headed ogres
  A fenstrider witch skeleton (Crypt:1)
  6 death knights
  18 dancing weapons
  7 centaur warriors
  13 ironbound frosthearts
  2 boulder beetles
  6 death yaks
  39 death scarabs
  2 tengu warriors
  A vampire mage (Crypt:1)
  3 orc high priests (Orc:2)
  An emperor scorpion zombie (Crypt:2)
  Urug (Lair:4)
  A titan zombie (Crypt:2)
  14 deep elf knights
  A titan skeleton (Crypt:2)
  23 skeletal warriors
  A spectral death yak (Lair:5)
  A storm dragon skeleton (D:15)
  3 skysharks
  2 shadow wraiths
  A spectral anaconda (Lair:5)
  6 flayed ghosts
  An anaconda zombie (Tomb:1)
  A spriggan simulacrum (Crypt:1)
  46 deep trolls
  7 arcanists
  5 lindwurms
  2 shadow dragon zombies
  A lightning spire (Gauntlet)
  A harpy (Vaults:2)
  17 deep elf archers
  An obsidian statue (Lair:5)
  9 necromancers
  17 phantasmal warriors
  24 ironbound convokers
  A frost giant zombie (Depths:1)
  2 anaconda skeletons
  15 orc knights
  27 ugly things
  25 deep elf pyromancers
  A fire giant zombie (Depths:1)
  27 deep elf zephyrmancers
  3 manticores
  3 salamanders (Volcano)
  4 orc sorcerers (Orc:2)
  3 wolf spiders
  An alligator skeleton (Crypt:1)
  10 elephants (Lair:5)
  5 cyclopes
  5 kobold blastminers
  A salamander (shapeshifter) (D:15)
  17 cane toads
  6 guardian serpents (Desolation)
  2 black mambas (Lair:3)
  A dire elephant zombie (Lair:5)
  19 vault sentinels
  A stone giant skeleton (Depths:1)
  5 molten gargoyles (Volcano)
  8 gargoyles
  2 torpor snails
  3 centaur skeletons
  A smoke demon (D:15)
  2 dire elephant skeletons
  2 unseen horrors
  Maggie (D:6)
  4 rime drakes
  Jeremiah (D:5)
  2 ice devils
  13 komodo dragons
  23 yaktaurs
  2 kobold demonologists
  2 tengu conjurers
  11 freezing wraiths
  A hydra zombie (Crypt:2)
  A yaktaur (shapeshifter) (Elf:2)
  2 polar bears
  22 guardian mummies
  9 trolls
  4 merfolk (D:12)
  A harpy zombie (Tomb:2)
  A hornet (shapeshifter) (D:13)
  4 harpy skeletons
  A spectral elephant (Lair:5)
  86 saltlings (Desolation)
  A hydra skeleton (Tomb:1)
  14 blink frogs
  9 dream sheep
  An ettin skeleton (Crypt:3)
  A raiju (Gauntlet)
  5 shadows (Crypt:3)
  A black mamba zombie (Tomb:1)
  7 fire dragon skeletons (Crypt:3)
  A dire elephant simulacrum (Lair:5)
  43 yaks
  38 slime creatures
  4 air elementals
  18 wraiths
  A vampire (D:14)
  2 fire elementals (Elf:1)
  3 water elementals
  A fire bat (D:8)
  3 basilisks
  2 spriggan skeletons
  12 humans
  3 wargs
  6 ushabtiu
  Menkaure (D:5)
  4 steam dragons
  4 vampire mosquitoes (D:13)
  A death yak simulacrum (Lair:5)
  Edmund (D:6)
  3 naga zombies
  3 acid dragons
  A spectral cane toad (Lair:5)
  A merfolk skeleton (Crypt:1)
  Duvessa (D:7)
  31 water moccasins
  A sky beast (D:7)
  24 laughing skulls
  36 orc warriors
  3 black bears
  A boggart (Vaults:1)
  9 wolves
  22 centaurs
  2 swamp dragon skeletons (Crypt:2)
  11 ogres
  A snapping turtle skeleton (Crypt:2)
  A phantom (D:3)
  11 kobold brigands
  14 bullfrogs
  2 necrophages (Crypt:2)
  A salamander zombie (Crypt:1)
  A naga simulacrum (Crypt:2)
  4 earth elementals
  4 gnoll sergeants
  12 scorpions
  A yak zombie (Crypt:2)
  Dowan (D:7)
  A water moccasin skeleton (Crypt:2)
  A tengu zombie (Depths:1)
  7 killer bees
  An elephant simulacrum (Lair:5)
  An electric eel (Lair:2)
  9 howler monkeys
  4 crimson imps (D:15)
  6 jellies
  5 centaur zombies
  3 human zombies
  35 orc priests
  Crazy Yiuf (D:7)
  3 hounds
  2 iguanas
  A sleepcap (D:5)
  12 human skeletons (Vaults:3)
  38 orc wizards
  3 scorpion zombies (Ossuary)
  An ogre zombie (Crypt:1)
  39 mummies
  17 gnolls
  A howler monkey skeleton (Crypt:1)
  5 adders
  A swamp drake zombie (Crypt:2)
  3 shadow imps
  A swamp drake skeleton (Crypt:1)
  8 white imps
  3 adder zombies (Ossuary)
  2 dart slugs
  A ribbon worm (D:3)
  90 orcs
  9 bats
  16 endoplasms
  4 giant cockroaches
  2 gnoll zombies (Ossuary)
  8 goblins
  9 hobgoblins
  5 jackals
  4 quokkas
  6 ball pythons
  4 ball python zombies (Ossuary)
  3 frilled lizards
  A frilled lizard skeleton (Crypt:2)
  A frilled lizard zombie (Crypt:1)
  7 jackal zombies (Ossuary)
  51 kobolds
  8 kobold skeletons (D:11)
  10 kobold zombies (D:11)
  An orc zombie (Crypt:1)
  5 rats
  A butterfly (Lair:1)
  A spectral weapon (Vaults:4)
1818 creatures vanquished.

Vanquished Creatures (others)
  An orc (D:3)
  82 spectral weapons
83 creatures vanquished.

Grand Total: 1901 creatures vanquished

Notes
Turn   | Place    | Note
-------+----------+-------------------------------------------
     0 | D:1      | SnakkuSnakku7 the Ghoul Summoner began the quest for the
                  | Orb.
     0 | D:1      | Reached XP level 1. HP: 14/14 MP: 3/3
   153 | D:1      | Reached skill level 1 in Fighting
   153 | D:1      | Reached skill level 1 in Unarmed Combat
   153 | D:1      | Reached XP level 2. HP: 20/23 MP: 4/4
   320 | D:1      | Reached XP level 3. HP: 16/29 MP: 5/5
  1075 | D:2      | Reached XP level 4. HP: 37/37 MP: 6/6
  1427 | D:3      | Reached XP level 5. HP: 28/45 MP: 7/7
  1434 | D:3      | Found an ancient bone altar of Kikubaaqudgha.
  1738 | D:3      | Noticed a phantom
  1751 | D:3      | Killed a phantom
  1752 | D:3      | Reached XP level 6. HP: 52/52 MP: 8/8
  1871 | D:3      | Noticed an eye of devastation
  1876 | D:3      | Noticed a glass eye
  1878 | D:3      | Found a faded altar of an unknown god.
  1880 | D:3      | Noticed a shining eye
  1880 | D:3      | Noticed a shining eye
  2197 | D:3      | Found a sparkling altar of Nemelex Xobeh.
  2197 | D:3      | Found a radiant altar of Vehumet.
  2197 | D:3      | Found a shimmering blue altar of Sif Muna.
  2197 | D:3      | Found a radiant altar of Vehumet.
  2197 | D:3      | Found a sparkling altar of Nemelex Xobeh.
  2205 | D:3      | Reached skill level 1 in Polearms
  2472 | D:4      | Reached XP level 7. HP: 53/60 MP: 9/9
  2974 | D:5      | Entered Level 5 of the Dungeon
  3168 | D:5      | Found an ornate altar of the Wu Jian Council.
  3516 | D:5      | Noticed Menkaure
  3524 | D:5      | Killed Menkaure
  3525 | D:5      | Reached skill level 5 in Polearms
  3525 | D:5      | Reached XP level 8. HP: 8/67 MP: 10/10
  3879 | D:5      | Identified the +4 spear of a Hundred Leylines {holy, rCorr}
  4086 | D:5      | Found a bloodstained altar of Trog.
  4104 | D:6      | Noticed Jeremiah
  4148 | D:5      | Killed Jeremiah
  4351 | D:6      | Found Duroh's Assorted Antiques.
  4354 | D:6      | Bought a scroll labelled LISUIS CAIMN for 26 gold pieces
  4354 | D:6      | Bought a scroll labelled MYIPSACZAN for 26 gold pieces
  4354 | D:6      | Bought a dark potion for 23 gold pieces
  4442 | D:6      | Found Gubut's Book Shoppe.
  4457 | D:6      | Noticed Edmund
  4469 | D:6      | Killed Edmund
  4470 | D:6      | Reached XP level 9. HP: 66/72 MP: 11/11
  4550 | D:6      | Found Opsifoiw's Weapon Emporium.
  4673 | D:6      | Found an opulent altar of Gozag.
  4704 | D:6      | Found a blossoming altar of Fedhas.
  4763 | D:6      | Noticed Maggie
  4783 | D:6      | Killed Maggie
  5175 | D:7      | Found a sand-covered staircase.
  5245 | Ossuary  | Entered an ossuary
  5280 | Ossuary  | Reached skill level 10 in Polearms
  5738 | D:7      | Found Ifoptuenk's Antique Armour Shoppe.
  5747 | D:7      | Bought a glowing cloak for 255 gold pieces
  5817 | D:7      | Reached XP level 10. HP: 80/80 MP: 12/12
  6054 | D:7      | Found a staircase to the Ecumenical Temple.
  6063 | Temple   | Entered the Ecumenical Temple
  6091 | Temple   | Became a worshipper of Uskayaw the Reveller
  6278 | D:7      | Noticed Duvessa
  6279 | D:7      | Noticed Dowan
  6287 | D:7      | Reached * piety under Uskayaw
  6293 | D:7      | Killed Duvessa
  6306 | D:7      | Killed Dowan
  6306 | D:7      | Reached ** piety under Uskayaw
  6494 | D:7      | Found a runed translucent door.
  6495 | D:7      | Noticed Crazy Yiuf
  6502 | D:7      | Killed Crazy Yiuf
  6566 | D:8      | Found a snail-covered altar of Cheibriados.
  6582 | D:8      | Reached *** piety under Uskayaw
  6585 | D:8      | Reached **** piety under Uskayaw
  7296 | D:8      | Identified the +1 robe of Midnight {rC+ Int+3 Dex+2}
  7388 | D:8      | Found a shimmering altar of Xom.
  7810 | D:9      | Identified the +7 dagger of the Devouring Ancients {drain,
                  | rF+ SInv}
  7954 | D:9      | Found a broken altar of Ashenzari.
  8137 | D:9      | Acquired a +2 demon trident of electrocution
  8176 | D:10     | Entered Level 10 of the Dungeon
  8201 | D:10     | Found a radiant altar of Vehumet.
  8666 | D:10     | Reached XP level 11. HP: 85/85 MP: 13/13
  8743 | D:10     | Found a stormy altar of Qazlal.
  8935 | D:10     | Found a burning altar of Makhleb.
  9252 | D:10     | Found an iron altar of Okawaru.
  9609 | D:11     | Noticed a manticore
  9618 | D:11     | Killed a manticore
  9619 | D:11     | Reached skill level 1 in Armour
  9644 | D:11     | Noticed a brown ugly thing
  9658 | D:11     | Killed a brown ugly thing
  9782 | D:11     | Noticed a two-headed ogre
  9789 | D:11     | Killed a two-headed ogre
  9803 | D:11     | Found Tuxuc Umalo's General Store.
  9884 | D:11     | Reached skill level 5 in Armour
  9884 | D:11     | Reached ***** piety under Uskayaw
  9901 | D:11     | Reached ****** piety under Uskayaw
  9915 | D:11     | Found a staircase to the Lair.
 10119 | D:11     | Found a staircase to the Orcish Mines.
 10239 | D:11     | Found an ancient bone altar of Kikubaaqudgha.
 10434 | Lair:1   | Entered Level 1 of the Lair of Beasts
 10474 | Lair:1   | Reached XP level 12. HP: 77/92 MP: 14/14
 10485 | Lair:1   | Noticed a boulder beetle
 10690 | Lair:1   | Killed a boulder beetle
 10701 | Lair:1   | Reached skill level 10 in Armour
 11036 | Lair:1   | Reached skill level 5 in Fighting
 11051 | Lair:1   | You fall into a shaft and drop 1 floor!
 11051 | Lair:2   | Noticed a six-headed hydra
 11060 | Lair:2   | Killed a six-headed hydra
 11119 | Lair:2   | Noticed Erica
 11132 | Lair:2   | Killed Erica
 11134 | Lair:2   | Noticed a catoblepas
 11155 | Lair:2   | Killed a catoblepas
 11597 | Lair:2   | Found a staircase to the Shoals.
 11696 | Lair:2   | Noticed a five-headed hydra
 11704 | Lair:2   | Killed a five-headed hydra
 12149 | Lair:2   | Reached skill level 10 in Fighting
 12287 | Lair:2   | Reached skill level 1 in Invocations
 12411 | Lair:3   | Reached XP level 13. HP: 113/113 MP: 15/15
 12454 | Lair:3   | Reached skill level 5 in Invocations
 12666 | Lair:3   | Found a staircase to the Snake Pit.
 12891 | Lair:3   | Found a runed translucent door.
 13832 | Lair:4   | Noticed Urug
 13851 | Lair:4   | Reached skill level 10 in Invocations
 13851 | Lair:4   | Reached skill level 1 in Shields
 13856 | Lair:4   | Killed Urug
 14414 | Lair:5   | Entered Level 5 of the Lair of Beasts
 14474 | Lair:5   | Reached skill level 5 in Shields
 14474 | Lair:5   | Reached XP level 14. HP: 118/121 MP: 21/21
 14532 | Lair:5   | Identified the +2 robe "Tol Ynuwu" {-Tele rF+ rC+ Regen+}
 14563 | Lair:5   | Identified the +3 ring mail "Bissili" {Int+3}
 14921 | Lair:5   | Found a staircase to the Slime Pits.
 14921 | Lair:5   | Found a viscous altar of Jiyva.
 15404 | Lair:5   | Noticed a dire elephant
 15404 | Lair:5   | Noticed a dire elephant
 15404 | Lair:5   | Noticed a dire elephant
 15405 | Lair:5   | Noticed a dire elephant
 15490 | Lair:5   | Reached skill level 10 in Shields
 15506 | Lair:5   | Identified the ring of Mapru {Fire Will+}
 15791 | Lair:5   | Identified the amulet "Nuxkuvox" {Rampage rElec Regen+
                  | rCorr Str-3}
 15862 | Lair:5   | Killed a dire elephant
 15927 | Lair:5   | Killed a dire elephant
 15938 | Lair:5   | Killed a dire elephant
 15939 | Lair:5   | Reached skill level 5 in Dodging
 15959 | Lair:5   | Killed a dire elephant
 15970 | Lair:5   | Got Sif Muna's Elucidation of Lofty Trauma
 16166 | Orc:1    | Entered Level 1 of the Orcish Mines
 16166 | Orc:1    | Found a runed translucent door.
 16174 | Orc:1    | Noticed Dootley's ghost (journeyman FoFi)
 16198 | Orc:1    | Killed Dootley's ghost
 16513 | Orc:1    | Found a shimmering altar of Xom.
 16592 | Orc:2    | Entered Level 2 of the Orcish Mines
 16592 | Orc:2    | Found a dark tunnel.
 16601 | Volcano  | Entered a volcano
 16618 | Volcano  | Reached XP level 15. HP: 126/126 MP: 22/22
 16753 | Volcano  | Noticed an orb of fire
 16872 | Volcano  | Noticed an orb of fire
 17121 | Orc:1    | You fall into a shaft and drop 1 floor!
 17418 | Orc:2    | Found a staircase to the Elven Halls.
 17720 | Orc:2    | Noticed Josephine
 17727 | Orc:2    | Killed Josephine
 17836 | Orc:2    | Found Midatax's Distillery.
 17836 | Orc:2    | Found Lutehal's Magic Scroll Shoppe.
 17836 | Orc:2    | Found Koqeog's Magic Scroll Emporium.
 17839 | Orc:2    | Found Gefe Ytu's Jewellery Emporium.
 17897 | Orc:2    | Bought a scroll of enchant weapon for 105 gold pieces
 17897 | Orc:2    | Bought a scroll of enchant armour for 105 gold pieces
 17897 | Orc:2    | Bought a scroll of fog for 56 gold pieces
 17900 | Orc:2    | Bought a potion of haste for 150 gold pieces
 17902 | Orc:2    | Bought a scroll of enchant weapon for 90 gold pieces
 17902 | Orc:2    | Bought a scroll of teleportation for 36 gold pieces
 17902 | Orc:2    | Bought a scroll of teleportation for 36 gold pieces
 18158 | D:11     | Bought +1 gold dragon scales for 870 gold pieces
 18176 | D:12     | Noticed Nessos
 18184 | D:12     | Killed Nessos
 18235 | D:12     | Found a hide-covered altar of Uskayaw.
 18238 | D:12     | Found a gate leading to a gauntlet.
 18244 | D:12     | Found Ecabess's Book Shoppe.
 18256 | Gauntlet | Entered a Gauntlet
 18256 | Gauntlet | Found a transporter.
 18256 | Gauntlet | Found a transporter.
 18256 | Gauntlet | Found a transporter.
 18276 | Gauntlet | Found a transporter.
 18288 | Gauntlet | Found a transporter.
 18290 | Gauntlet | Found a transporter.
 18301 | Gauntlet | Found a transporter.
 18322 | Gauntlet | Found a transporter.
 18339 | Gauntlet | Found a transporter.
 18343 | Gauntlet | Found a transporter.
 18353 | Gauntlet | Found a transporter.
 18357 | Gauntlet | Found a transporter.
 18485 | Gauntlet | Identified the +0 hat of the Lily {rN+ Int-2 Dex+5}
 18519 | Gauntlet | Identified the ring "Uthi" {Wiz rC++}
 18553 | Gauntlet | Identified the +0 robe "Zineh Edwe" {Rampage}
 18556 | Gauntlet | Got the Volume of Harmful Fumes
 18691 | D:12     | Found Toqyh's Assorted Antiques.
 18910 | D:12     | Noticed Gastronok
 18920 | D:12     | Killed Gastronok
 19004 | D:12     | Found Poumurpho's General Store.
 19007 | D:12     | Bought a potion of heal wounds for 70 gold pieces
 19007 | D:12     | Bought a scroll of teleportation for 42 gold pieces
 19522 | D:13     | Found a transporter.
 19603 | D:13     | Found a transporter.
 19681 | D:13     | Found a transporter.
 19682 | D:13     | Found a bloodstained altar of Trog.
 19683 | D:13     | Noticed osinmv's ghost (journeyman TrBe)
 19804 | D:13     | Reached XP level 16. HP: 147/147 MP: 23/23
 19804 | D:13     | Found a gate to the Vaults.
 20101 | D:13     | Reached skill level 15 in Fighting
 20491 | D:14     | Noticed Louise
 20509 | D:14     | Killed Louise
 20584 | D:14     | Found a basalt altar of Yredelemnul.
 20654 | D:14     | Found Leilull's Assorted Antiques.
 21306 | D:14     | Bought a scroll of blinking for 195 gold pieces
 21430 | D:15     | Entered Level 15 of the Dungeon
 21631 | D:15     | Identified the +8 sling of Youthful Indiscretion
                  | {antimagic, rElec}
 21889 | D:15     | Found a staircase to the Depths.
 22223 | D:15     | Acquired the ring of Anypus {AC+4 Dex+3}
 22382 | D:15     | Noticed Agnes
 22386 | D:15     | Killed Agnes
 22722 | Elf:1    | Entered Level 1 of the Elven Halls
 22896 | Elf:1    | Noticed Zenata
 22950 | Elf:1    | Killed Zenata
 23027 | Abyss:3  | Cast into level 3 of the Abyss (+1 morningstar of
                  | distortion)
 23033 | Elf:1    | Escaped the Abyss
 23091 | Elf:1    | Found a crumbling gateway.
 23165 | Desolati | Entered the Desolation of Salt
 23232 | Desolati | Identified the ring "Epakau" {Fly Int+6}
 23241 | Desolati | Reached XP level 17. HP: 46/156 MP: 24/24
 23664 | Desolati | Reached skill level 15 in Shields
 24007 | Desolati | Identified the ring "Bohuta" {rF+ rN+ Int+6}
 24287 | Desolati | Identified the ring "Keita" {AC+4 Str+4}
 24295 | Desolati | Identified the ring of the Wereyak {rC+ rN+ Int+7 Dex-4
                  | Stlth+}
 24563 | Elf:1    | Reached XP level 18. HP: 166/172 MP: 25/25
 25395 | Elf:2    | Found a runed translucent gate.
 25396 | Elf:2    | Found a runed translucent gate.
 25396 | Elf:2    | Found a runed translucent gate.
 25495 | Elf:2    | Found Edwefias's Antique Weapon Shoppe.
 25717 | Elf:3    | Entered Level 3 of the Elven Halls
 26031 | Elf:3    | Identified the +4 dagger of the Clean God {drain, Will++}
 26170 | Elf:3    | Paralysed by an air elemental for 1 turns
 26214 | Elf:3    | Identified the ring "Qaatuakh" {rPois rF+}
 26291 | Elf:3    | Noticed a deep elf master archer
 26295 | Elf:3    | Killed a deep elf master archer
 26314 | Elf:3    | Noticed a deep elf blademaster
 26344 | Elf:3    | Killed a deep elf blademaster
 26348 | Elf:3    | Noticed a deep elf master archer
 26361 | Elf:3    | Killed a deep elf master archer
 26413 | Elf:3    | Noticed a deep elf blademaster
 26417 | Elf:3    | Killed a deep elf blademaster
 26429 | Elf:3    | Reached XP level 19. HP: 151/185 MP: 26/26
 26556 | Elf:3    | Identified the staff of the Moon {rPois Earth}
 26563 | Elf:3    | Identified the +0 orcbow of Ritz {freeze, rN++ rCorr Int+3
                  | Dex-4}
 26580 | Elf:3    | Identified the +1 long sword of Cikem {spect, rF+ Will+}
 26583 | Elf:3    | Got the Papyrus of Volcanic Oxidation
 26642 | Elf:3    | Found the +1 cloak of Starlight {*Dazzle EV+4 Stlth--}
 26650 | Elf:3    | Got the Elucidation of Virulent Firn
 27184 | D:12     | Bought a pair of glowing gloves for 240 gold pieces
 27240 | D:11     | Bought a scroll of teleportation for 30 gold pieces
 27349 | Depths:1 | Entered Level 1 of the Depths
 27377 | Depths:1 | Found a stormy altar of Qazlal.
 27502 | Depths:1 | Noticed Norris
 27829 | Vaults:1 | Entered Level 1 of the Vaults
 28302 | Vaults:1 | Reached skill level 15 in Armour
 28451 | Vaults:1 | Found a transporter.
 28451 | Vaults:1 | Found the -2 hat of the Alchemist {rElec rPois rF+ rC+ rN+
                  | Will+ rMut rCorr}
 28452 | Vaults:1 | Noticed royokou's ghost (veteran MiFi)
 28453 | Vaults:1 | Found a transporter.
 28454 | Vaults:1 | Identified the +1 great mace of Integrity {flame, rN+}
 28754 | Vaults:1 | Found Fidoto Soge's Magic Scroll Emporium.
 28762 | Vaults:1 | Bought a scroll of teleportation for 51 gold pieces
 29044 | Vaults:1 | Found the amulet of the Four Winds {rN+ Will+++ Clar}
 29273 | Vaults:2 | Reached XP level 20. HP: 193/193 MP: 28/28
 29990 | Vaults:2 | Found a staircase to the Crypt.
 30265 | Vaults:3 | Noticed Mara
 30269 | Vaults:3 | Noticed SnakkuSnakku7's illusion
 30329 | Vaults:3 | Killed Mara
 30602 | Vaults:3 | Reached skill level 15 in Invocations
 30797 | Vaults:3 | Got Kejufien's Excursus on the Crucible and Fascination
 31037 | Vaults:3 | Identified the +9 mace of Dissatisfaction {drain, rF+}
 31367 | Vaults:3 | Reached XP level 21. HP: 152/201 MP: 33/33
 31847 | Vaults:4 | Acquired 565 gold pieces
 32246 | Vaults:4 | Noticed Boris
 32256 | Vaults:4 | Killed Boris
 32646 | Vaults:4 | Found Duxoc's General Store.
 32654 | Vaults:4 | Bought a potion of heal wounds for 70 gold pieces
 32654 | Vaults:4 | Bought a scroll of teleportation for 42 gold pieces
 33215 | Vaults:4 | Noticed Jory
 33239 | Vaults:4 | Killed Jory
 33502 | Vaults:4 | Reached skill level 1 in Evocations
 33677 | Crypt:1  | Entered Level 1 of the Crypt
 33832 | Crypt:1  | Identified the +1 pair of gloves "Cihim" {rPois rN+}
 34204 | Crypt:1  | Found a runed translucent gate.
 34204 | Crypt:1  | Found a runed translucent gate.
 34204 | Crypt:1  | Found a runed translucent gate.
 34206 | Crypt:1  | Found an ancient bone altar of Kikubaaqudgha.
 34206 | Crypt:1  | Noticed an ancient lich
 34206 | Crypt:1  | Noticed Roocroe's ghost (veteran MiGl)
 34206 | Crypt:1  | Noticed Hali's ghost (veteran FoFi)
 34207 | Crypt:1  | Noticed Teduw's ghost (veteran MiGl)
 34443 | Crypt:1  | Noticed Boris
 34461 | Crypt:1  | Killed Boris
 34462 | Crypt:1  | Reached skill level 5 in Evocations
 34728 | Crypt:2  | Reached XP level 22. HP: 209/209 MP: 36/36
 35817 | Crypt:3  | Entered Level 3 of the Crypt
 36165 | Crypt:3  | Reached skill level 10 in Evocations
 36396 | Crypt:3  | Found a staircase to the Tomb.
 36426 | Crypt:3  | Identified the staff "Ikheum" {+Blink rF+++ rN+ Dex-4 Necro
                  | Earth}
 36591 | Crypt:3  | Identified the +1 cloak "Zeeriaqi" {Str+3}
 36691 | Crypt:3  | Found an ancient bone altar of Kikubaaqudgha.
 36709 | Crypt:3  | Noticed a dread lich
 36930 | Crypt:3  | Identified the +7 storm dragon scales of the Hippo {Rampage
                  | rElec rCorr Int+2}
 36955 | Crypt:3  | Killed a dread lich
 37319 | Crypt:3  | Identified the staff "Yjiamoca" {Stlth+ Conj Tloc}
 37379 | Crypt:1  | Killed an ancient lich
 37392 | Crypt:1  | Killed Hali's ghost
 37574 | Crypt:1  | Got Kikubaaqudgha's Commentary on Nightshade
 37577 | Crypt:1  | Identified the +1 hat of Xupli {Harm rPois}
 37581 | Crypt:1  | Identified the amulet of Pyeprit {Spirit rPois Will++
                  | Stlth-}
 37710 | Crypt:1  | Killed Roocroe's ghost
 38326 | Tomb:1   | Entered Level 1 of the Tomb of the Ancients
 38495 | Tomb:1   | Reached XP level 23. HP: 165/215 MP: 37/37
 38823 | Tomb:1   | Noticed a royal mummy
 38836 | Tomb:1   | Killed a royal mummy
 39299 | Tomb:1   | Acquired 1105 gold pieces
 39354 | Tomb:2   | Noticed a royal mummy
 39357 | Tomb:2   | Noticed Khufu
 39381 | Tomb:2   | HP: 8/215 [lich/bolt of cold (15)]
 39455 | Tomb:2   | Paralysed by a Zot trap for 4 turns
 39710 | Tomb:3   | Entered Level 3 of the Tomb of the Ancients
 40058 | Tomb:3   | Noticed a royal mummy
 40058 | Tomb:3   | Noticed a royal mummy
 40068 | Tomb:3   | Killed a royal mummy
 40079 | Tomb:3   | Noticed a royal mummy
 40080 | Tomb:3   | Killed a royal mummy
 40080 | Tomb:3   | Noticed a royal mummy
 40084 | Tomb:3   | Noticed a royal mummy
 40084 | Tomb:3   | Noticed a royal mummy
 40088 | Tomb:3   | Noticed a royal mummy
 40094 | Tomb:3   | Killed from afar by a revenant

Illustrated notes

Levels and vault maps discovered:
D:1:      dpeg_arrival_connections, layout_basic
D:2:      layout_basic
D:3:      cheibrodos_fertilizer, layout_basic,
          nicolae_kikubaaqudgha_miasma_corner,
          hellmonk_ecumenical_altar_watching_god, serial_bayou_ford_a,
          minmay_between
D:4:      kennysheep_spiral_hall, layout_cave_pools, minmay_bisected
D:5:      layout_loops_corners, kennysheep_mini_moat, old_standard_altar,
          st_stairs_4, uniq_menkaure
D:6:      layout_basic, mainiacjoe_overflow_catwalk_spiral, serial_shops, shop,
          shop, nicolae_shop_hallway_stairs, uniq_jeremiah, uniq_maggie,
          uniq_edmund
D:7:      layout_basic, temple_hall, enter_ossuary_1, serial_shops, shop,
          uniq_crazy_yiuf_cottage, uniq_duvessa
D:8:      layout_basic, regret_index_xom_of_box,
          mainiacjoe_overflow_tiny_flanked
D:9:      layout_rooms, mainiacjoe_overflow_six_doors_small
D:10:     layout_layer_cave, good_gods_temple_1, lemuel_round_altar,
          bloody_makhleb, grunt_temple_overflow_open
D:11:     wander_kiku_kobolds, layout_gridville, due_lair_maze_entry_diamond,
          kennysheep_orc_monster_closet_entryway, serial_shops, shop
D:12:     layout_basic, gauntlet_entry_generic, serial_shops, shop,
          nicolae_shop_behind_doors, shop, nicolae_twisting_strands,
          chequers_serial_rivers_large_a, roadster_trireme, uniq_nessos,
          uniq_gastronok
D:13:     layout_stronghold, hellmonk_vaults_keyhole,
          gammafunk_ghost_wrathful_warriors, serial_library,
          serial_library_hellmonk_filled_rooms, serial_library_hellmonk_room_c,
          serial_library_hellmonk_room_a, serial_library_hellmonk_open_cross,
          kennysheep_path_1, nicolae_diode_basic
D:14:     layout_basic, nicolae_elevator_lobby_asterisk, serial_shops,
          nicolae_inconvenience_store, lemuel_zombie_altar_yredelemnul,
          uniq_louise
D:15:     gammafunk_depths_entry_grave, layout_stronghold, nicolae_integral_box,
          dreamdust_wishing_well, minmay_fire_ice_demons, uniq_agnes
Temple:   nicolae_temple_superstar
Lair:1:   layout_loops_ring, grunt_megastairs_5, lemuel_fruit_fields
Lair:2:   layout_roguey, elwin_shoals_entry_rocks, beast_lair_carwin_4,
          infiniplex_staircase_pool, uniq_erica
Lair:3:   layout_misc_corridors, minmay_snake_entry_six_corridors,
          pdpol_lair_cabin_in_the_woods, serial_bayou_shore_b
Lair:4:   layout_small_grid, nicolae_lair_run_with_the_wolves, uniq_urug
Lair:5:   due_jungle_book, layout_cave_pods, slime_entry_1
Orc:1:    layout_diamond_mine, ebering_ghost_reflecting_pool,
          lemuel_statue_altar
Orc:2:    st_orc_mages, layout_caves, nicolae_volcano_entry_lava_flow,
          uniq_josephine
Elf:1:    eino_elf_arrival_the_gate, layout_geoelf_grid,
          portal_desolation_entry_ruin, nicolae_elf_crossing_hall,
          grunt_megastairs_1, uniq_zenata
Elf:2:    nicolae_elf_blades_crystal_corner, layout_rooms, serial_shops,
          nicolae_shop_real_fake_doors
Elf:3:    elf_hall, layout_geoelf_octagon, minmay_checkered_concentric_circles
Vaults:1: gammafunk_ghost_smash, nicolae_vaults_lightning_bolt,
          nicolae_vaults_spaceships, nicolae_vaults_shock_wave,
          vaults_room_octagon, v_misc_5, ontoclasm_vaults_ligature, v_misc_2,
          nicolae_vaults_network_square, v_misc_9, v_misc_19,
          nicolae_vaults_tetromino_L_1, grunt_vaults_twisty,
          nicolae_vaults_trapezoid_2, grunt_vaults_hallway_long,
          vaults_dpeg_encased_lava, vaults_room_pools, layout_vaults_omnicross,
          serial_shops, shop
Vaults:2: minmay_crypt_entry_simple_round, ontoclasm_vaults_pinch, v_pattern_3,
          hangedman_vaults_pinch, nicolae_vaults_octothorpe,
          nicolae_vaults_rhombus_6, nicolae_vaults_house_1, v_misc_33,
          nicolae_vaults_triangles, dpeg_vaults_monster_box,
          ontoclasm_vaults_eye, ontoclasm_vaults_twist, v_misc_19, v_misc_16,
          nicolae_vaults_double_plus_1, layout_vaults_ring
Vaults:3: nicolae_vaults_double_plus_3, grunt_vaults_swirl,
          vaults_mumra_minichess_inversion, nicolae_vaults_closet_pinwheel_3,
          v_misc_4, nicolae_vaults_closet_pinwheel_3,
          nicolae_vaults_holding_cells, dpeg_vaults_monster_row,
          nicolae_vaults_tetromino_Z_1, vaults_room_stairs_pillars,
          layout_vaults_chaotic_city, uniq_mara
Vaults:4: nicolae_vaults_stairing_the_circle, v_misc_18,
          nicolae_vaults_doubleplus_tesselated, vaults_mumra_chevron,
          nicolae_vaults_house_2, ontoclasm_vaults_gateway, special_room_vaults
          [special_room_orc], nicolae_vaults_surprise_closet,
          nicolae_vaults_surprise_closet, layout_vaults_omnigrid, serial_shops,
          nicolae_shop_pleasant_corner_grove, uniq_jory, uniq_boris
Crypt:1:  layout_basic, gammafunk_ghost_crypt, uniq_margery
Crypt:2:  layout_regular_city, grunt_megastairs_4
Crypt:3:  quadcrypt_mu
Tomb:1
Tomb:2:   uniq_khufu
Tomb:3
Depths:1: layout_basic, pan_entry, grunt_qazlal_clouds, hangedman_coc_ice_floe,
          serial_shops, shop, kennysheep_crisscross, minmay_misc_feat_enclosed,
          kennysheep_generic_room_5, infiniplex_staircase_pool_lava, uniq_norris

Skill      XL: |  1  2  3  4  5  6  7  8  9 10 11 12 13 14 15 16 17 18 19 20 21 22 23 |
---------------+----------------------------------------------------------------------+-----
Fighting       | 1 2 3 4 10 14 15 18 20 | 20.0
Unarmed Combat | 1 2 3 4 |  4.5
Polearms       | 3 5 8 11 13 14 | 14.0
Armour         | 8 10 12 15 16 17 19 | 19.8
Invocations    | 2 10 11 16 20 | 20.0
Shields        | 5 10 13 15 | 15.0
Dodging        | 6 8 |  8.0
Evocations     | 5 10 | 10.0
Stealth        | |  2.1
Spellcasting   | |  1.7
Summonings     | |  3.6

Action                     |  1- 3 |  4- 6 |  7- 9 | 10-12 | 13-15 | 16-18 | 19-21 | 22-24 || total
---------------------------+-------+-------+-------+-------+-------+-------+-------+-------++-------
  Melee: Unarmed           |   176 |   157 |       |       |       |       |       |       ||   333
         Punch             |     3 |     4 |       |       |       |       |       |       ||     7
         Demon trident     |       |    70 |   401 |   687 |  1064 |  1065 |  1440 |  1011 ||  5738
   Cast: Summon Small Mamm |     1 |       |       |       |       |       |       |       ||     1
 Invoke: Grand Finale      |       |       |       |       |       |       |       |     1 ||     1
  Evoke: Wand              |       |       |     2 |     2 |       |     3 |       |     4 ||    11
         Condenser vane    |       |       |       |       |       |       |     2 |       ||     2
    Use: Scroll            |       |       |    18 |    14 |    17 |    15 |     4 |    23 ||    91
         Potion            |       |       |     1 |     1 |     4 |    15 |     7 |    14 ||    42
   Stab: Sleeping          |     1 |       |     1 |       |       |       |       |       ||     2
         Paralysed         |       |       |       |    43 |    68 |    73 |   144 |    82 ||   410
         Distracted        |       |       |       |       |    14 |    11 |    31 |    12 ||    68
         Invisible         |       |       |       |       |       |       |       |     1 ||     1
 Armour: Robe              |     8 |       |       |       |       |       |       |       ||     8
         Ring mail         |    88 |       |       |       |       |       |       |       ||    88
         Chain mail        |    26 |   192 |       |   274 |   387 |       |       |       ||   879
         Scale mail        |     4 |       |       |       |       |       |       |       ||     4
         Plate armour      |       |    20 |   139 |       |   113 |       |       |       ||   272
         Swamp dragon scal |       |       |   105 |   208 |       |       |       |       ||   313
         Gold dragon scale |       |       |       |       |   124 |   632 |   622 |   705 ||  2083
  Dodge: Dodged            |   105 |    69 |    82 |   220 |   187 |    40 |   130 |   148 ||   981
  Block: Buckler           |       |     4 |    38 |    87 |    87 |       |       |       ||   216
         Kite shield       |       |       |       |       |   182 |    31 |       |       ||   213
         Tower shield      |       |       |       |       |       |   546 |   725 |   772 ||  2043
